 Dungeon Crawl Stone Soup version 0.31-a0-801-gc67433417a (webtiles) character file.

Game seed: 18181942907997925028

207 Revguard the Ruffian (level 5, -1/73 HPs)
             Began as a Troll Shapeshifter on Sept 20, 2023.
             Slain by a goblin
             ... wielding a +0 club
              (3 damage)
             ... on level 3 of the Dungeon.
             The game lasted 00:05:53 (1588 turns).

Revguard the Ruffian (Troll Shapeshifter)           Turns: 1588, Time: 00:05:54

Health: -1/73      AC:  4    Str: 22    XL:     5   Next: 54%
Magic:  4/4        EV: 10    Int:  6    God:
Gold:   146        SH:  0    Dex: 11    Spells: 4/4 levels left

rFire   . .          .
                       - Unarmed
rCold   . . .        (no shield)
rNeg    . . .        a - +0 animal skin
rPois   .            (helmet currently unavailable)
rElec   .            (cloak currently unavailable)
rCorr   .            (gloves unavailable)
SInv    .            (boots unavailable)
Will    .....        (no amulet) Stlth
                     (no ring)
HPRegen 1.12/turn    (no ring)
MPRegen 0.09/turn

%: no passive effects
@: berserking, beast-form, very quick
A: beast (slay +2), large, unfitting armour, claws 3, regeneration 1, shaggy fur
1, tough skin 1
a: Begin Untransformation


You were on level 3 of the Dungeon.
You were a hulking beast.
You visited 1 branch of the dungeon, and saw 3 of its levels.

You collected 146 gold pieces.

Inventory:

Armour
 a - a +0 animal skin (worn)
Talismans
 c - a beast talisman (active)
 d - a flux talisman
Scrolls
 h - a scroll of silence {unknown}
 i - 2 scrolls of amnesia {unknown}
 j - a scroll of summoning {unknown}
 l - a scroll of blinking {unknown}
 m - a scroll of immolation {unknown}
 n - a scroll of enchant weapon {unknown}
 o - 2 scrolls of teleportation {unknown}
Potions
 b - a potion of lignification
 f - a potion of curing
 g - a potion of might {unknown}
 k - a potion of enlightenment


   Skills:
 + Level 1.9 Fighting
 + Level 1.5 Armour
 + Level 2.3 Dodging
 + Level 3.8 Unarmed Combat
 + Level 1.2 Evocations
 + Level 3.6 Shapeshifting


You had 4 spell levels left.
You didn't know any spells.
Your spell library was empty.

Dungeon Overview and Level Annotations

Branches:
Dungeon (3/15)

Altars:


Innate Abilities, Weirdness & Mutations

You are a hulking beast.
Your limbs bulge with bestial killing power. (Slay +2)
You are too large for most types of armour.
You have claws for hands.
Your natural rate of healing is unusually fast.
You are covered in fur. (AC +1)
You have tough skin. (AC +1)


Message History

You are frozen.
The goblin hits you but does no damage. The orc barely misses you.
The orc priest closely misses you. The ball python barely misses you.
You closely miss the orc priest.
The orc priest is almost dead.
The orc hits you with a +0 hand axe. The endoplasm freezes you.
You are frozen.
The goblin closely misses you. The orc hits you with a +0 falchion.
The orc priest mumbles some strange prayers to Beogh against you.
Pain shoots through your body! The ball python bites you.
* * * LOW HITPOINT WARNING * * *
You claw the orc priest!
You kill the orc priest!
The ball python closely misses you. The orc hits you with a +0 hand axe.
* * * LOW HITPOINT WARNING * * *
The endoplasm freezes you.
You are frozen.
* * * LOW HITPOINT WARNING * * *
The goblin hits you with a +0 club.
* * * LOW HITPOINT WARNING * * *
The orc closely misses you.
A red film seems to cover your vision as you go berserk!
You feel yourself moving faster!
You feel mighty! The ball python barely misses you. The orc barely misses you.
The endoplasm closely misses you. The goblin hits you with a +0 club.
* * * LOW HITPOINT WARNING * * *
The orc hits you with a +0 falchion.
* * * LOW HITPOINT WARNING * * *
You mangle the endoplasm!!
You kill the endoplasm!
The ball python bites you but does no damage.
The orc closely misses you. x2; The goblin hits you with a +0 club.
* * * LOW HITPOINT WARNING * * *
You claw the orc!
You kill the orc!
The ball python bites you but does no damage.
You closely miss the orc. The orc hits you but does no damage.
The goblin hits you with a +0 club.
You die...

######...........##..#
#............#####
##.#..........#
#..#..........#
######.###........#
.....#.............
......^...........
.......)o.......
......gh.......
.......)S......
...<...........
...............
^............##
_...........##
.^...#.....##
############


You could see an orc, a goblin and a ball python.

Vanquished Creatures
  An ogre (D:3)
  An orc priest (D:3)
  A gnoll (D:1)
  An adder (D:3)
  2 dart slugs
  3 orcs (D:3)
  7 endoplasms
  5 giant cockroaches
  7 goblins
  5 hobgoblins
  4 quokkas
  4 ball pythons
  6 bats
  10 frilled lizards
  7 kobolds
  9 rats
73 creatures vanquished.

Notes
Turn   | Place    | Note
-------+----------+-------------------------------------------
     0 | D:1      | Revguard the Troll Shapeshifter began the quest for the
                  | Orb.
     0 | D:1      | Reached XP level 1. HP: 18/18 MP: 0/0
   115 | D:1      | Reached skill level 1 in Fighting
   119 | D:1      | Reached XP level 2. HP: 24/27 MP: 1/1
   285 | D:1      | Reached XP level 3. HP: 33/33 MP: 2/2
  1383 | D:3      | Reached XP level 4. HP: 41/41 MP: 3/3
  1473 | D:3      | Noticed an ogre
  1478 | D:3      | Killed an ogre
  1479 | D:3      | Reached skill level 1 in Armour
  1479 | D:3      | Reached skill level 1 in Evocations
  1479 | D:3      | Reached XP level 5. HP: 49/49 MP: 4/4
  1575 | D:3      | Found a faded altar of an unknown god.
  1585 | D:3      | HP: 2/73 [orc/+0 falchion (5)]
  1588 | D:3      | Slain by a goblin

Illustrated notes

Levels and vault maps discovered:
D:1:      ebering_trefoil_3fold, layout_basic, minmay_lizard_pond
D:2:      layout_basic
D:3:      minmay_bubble_buster, layout_rooms, ebering_ecumenical_altar_webs,
          dreamdust_princess_corridor, kennysheep_generic_room_11

Skill      XL: |  1  2  3  4 |
---------------+-------------+-----
Fighting       | 1 |  1.9
Dodging        | 2 |  2.3
Armour         | 1 |  1.5
Evocations     | 1 |  1.2
Unarmed Combat | |  3.8
Shapeshifting  | |  3.6

Action                     |  1- 3 |  4- 6 || total
---------------------------+-------+-------++-------
  Melee: Unarmed           |   113 |    41 ||   154
    Use: Scroll            |     3 |       ||     3
         Potion            |       |     2 ||     2
   Stab: Sleeping          |       |     1 ||     1
 Armour: Animal skin       |    91 |    59 ||   150
  Dodge: Dodged            |    75 |    40 ||   115

Table legend: (Time is in decaauts)
 A = Elapsed time spent in this place.
 B = Non-inter-level travel time spent in this place.
 C = Inter-level travel time spent in this place.
 D = Time resting spent in this place.
 E = Time spent auto-exploring this place.
 F = Levels seen in this place.
 G = Mean time per level.
                   A        B        C        D        E       F      G
               +--------+--------+--------+--------+--------+-----+--------+
         Total |   1585 |   1560 |     25 |      0 |   1084 |   3 |  528.3 |
       Dungeon |   1585 |   1560 |     25 |      0 |   1084 |   3 |  528.3 |
               +--------+--------+--------+--------+--------+-----+--------+

Top non-repeatable levels by time:
     D:1: 857 daAuts
     D:2: 506 daAuts
     D:3: 220 daAuts
